 Dungeon Crawl Stone Soup version 0.31-a0-142-g31f6795 (webtiles) character file.

Game seed: 12436112140609980478

310980 Minorbread the Slayer (level 21, -2/221 HPs)
             Began as a Hill Orc Fighter on Sept 25, 2019.
             Was an Elder of Trog.
             Slain by a frost giant
             ... wielding a +2 battleaxe of freezing
              (6 damage)
             ... on level 1 of the Depths on June 3, 2023.
             The game lasted 01:54:30 (35932 turns).

Minorbread the Slayer (Hill Orc Fighter)           Turns: 35932, Time: 01:54:31

Health: -2/221     AC: 41    Str: 30    XL:     21   Next: 63%
Magic:  21/21      EV: 11    Int:  8    God:    Trog [****..]
Gold:   1381       SH:  9    Dex: 10    Spells: 20/20 levels left

rFire   + + .        q - +8 hand axe of Inflation {freeze, rF+}
rCold   + . .        r - +3 buckler
rNeg    . . .        G - +10 plate armour of Usodu {SInv}
rPois   +            e - +0 helmet of the King of the Hill {rElec}
rElec   +            O - +0 cloak
rCorr   +            P - +3 pair of gauntlets of War {Slay+5}
SInv    +            U - +2 pair of boots
Will    ++++.        y - amulet of regeneration Stlth
                     A - ring of willpower
HPRegen 2.36/turn    c - ring "Heyq" {Slay+4 SInv}
MPRegen 0.17/turn

%: no passive effects
@: resistant, strong-willed (expiring), on berserk cooldown, regenerating
(expiring), slowed, invisible, very slow
A: no striking features
}: 1/15 runes: decaying
a: Renounce Religion, Berserk, Trog's Hand, Brothers in Arms


You were on level 1 of the Depths.
You worshipped Trog.
Trog was greatly pleased with you.
You visited 6 branches of the dungeon, and saw 32 of its levels.
You visited 1 bazaar.
You also visited: Gauntlet and Ice Cave.

You collected 5372 gold pieces.
You spent 3991 gold pieces at shops.

Inventory:

Hand Weapons
 o - a +3 war axe of flaming
 q - the +8 hand axe of Inflation (weapon) {freeze, rF+}
   (You found it on level 9 of the Dungeon)

   rF:        It protects you from fire.
 Q - a +1 demon trident of flaming
Missiles
 F - 7 throwing nets
 J - 9 curare-tipped darts
 T - 12 boomerangs (quivered)
 X - 4 silver javelins
Armour
 b - +1 swamp dragon scales
 e - the +0 helmet of the King of the Hill (worn) {rElec}
   (You found it on level 4 of the Vaults)

   rElec:     It insulates you from electricity.
 k - a +4 plate armour of fire resistance
 r - a +3 buckler (worn)
 z - the scarf "Muhual Lot" {shadows, Fly}
   (You bought it in a shop in a bazaar)

   Fly:       It grants you flight.
 G - the +10 plate armour of Usodu (worn) {SInv}
   (You acquired it on level 15 of the Dungeon)

   SInv:      It lets you see invisible.
 O - a +0 cloak (worn)
 P - the +3 pair of gauntlets of War (worn) {Slay+5}
   (You bought it in a shop in a bazaar)

   Slay:      It affects your accuracy & damage with ranged weapons and melee
   (+5).
 U - a +2 pair of boots (worn)
Jewellery
 c - the ring "Heyq" (right hand) {Slay+4 SInv}
   (You took it off a minotaur in a Gauntlet)

   [ring of slaying]

   Slay:      It affects your accuracy & damage with ranged weapons and melee
   (+4).
   SInv:      It lets you see invisible.
 y - an amulet of regeneration (around neck)
 A - a ring of willpower (left hand)
 E - a ring of protection from fire
 L - a ring of resist corrosion
 Y - a ring of positive energy
Wands
 d - a wand of roots (34)
 u - a wand of flame (60)
 x - a wand of light (14)
 H - a wand of polymorph (21)
 N - a wand of mindburst (52)
 R - a wand of charming (36)
 W - a wand of digging (10)
Scrolls
 j - a scroll of magic mapping
 l - 5 scrolls of immolation
 m - 15 scrolls of teleportation
 p - 6 scrolls of fear
 v - 6 scrolls of enchant weapon
 C - 4 scrolls of poison
 D - 7 scrolls of blinking
 V - 9 scrolls of identify
 Z - 2 scrolls of silence
Potions
 a - 3 potions of magic
 g - 2 potions of haste
 h - 17 potions of curing
 i - 2 potions of attraction
 s - 3 potions of cancellation
 t - 9 potions of mutation
 w - 7 potions of enlightenment
 B - 15 potions of might
 I - 14 potions of ambrosia
 K - a potion of heal wounds
 M - 3 potions of invisibility
Miscellaneous
 S - a phantom mirror
Comestibles
 f - 3 removed foods


   Skills:
 + Level 26.2 Fighting
 - Level 3.9 Long Blades
 - Level 18.0 Axes
 + Level 13.3 Throwing
 - Level 20.0 Armour
 + Level 7.5 Dodging
 - Level 12.0 Shields
 - Level 10.0 Evocations


You had 20 spell levels left.
You didn't know any spells.
Your spell library was empty.

Dungeon Overview and Level Annotations

Branches:
Dungeon (15/15)            Temple (0/1) D:5            Lair (6/6) D:11
  Swamp (4/4) Lair:3       Spider (0/4) Lair:2        Slime (0/5) Lair:6
    Orc (2/2) D:9             Elf (0/3) Orc:2        Vaults (4/5) D:13
  Crypt (0/3) Vaults:2     Depths (1/5) D:15          IceCv (visited)
Gauntlet (visited)

Altars:
Fedhas
Trog
Vehumet
Xom
Yredelemnul
Jiyva

Shops:
D:9 =   D:14 [   Orc:2 *[:=   Vaults:4 [   Depths:1 =

Portals:
Hell: Depths:1
Abyss: Depths:1

Annotations:
D:5 1 runed translucent door, Crazy Yiuf
Lair:6 3 runed translucent doors, edsrzf's ghost, journeyman MeTm
Swamp:1 3 runed translucent doors, Nithhogg's ghost, journeyman HOFi


Message History

You start resting.
A frost giant comes into view.
It is wielding a +2 battleaxe of freezing.
A stone giant comes into view.
The frost giant gestures at you while chanting.
The bolt of cold hits you!!
* * * LOW HITPOINT WARNING * * *
There are monsters nearby!
The frost giant casts a spell at you. The bolt of cold hits you.
* * * LOW HITPOINT WARNING * * *
Things that are here:
a +0 great sword; a +0 chain mail Blink to where?
Press: ? - help, Dir - move target
As you read the scroll of blinking, it crumbles to dust.
Okay, then.
Your skin crawls.
You feel strong-willed.
The frost giant gestures at you while chanting.
The bolt of cold hits you!!
* * * LOW HITPOINT WARNING * * *
The frost giant gestures at you while chanting.
The bolt of cold hits you!!
* * * LOW HITPOINT WARNING * * *
You fade into invisibility!
The frost giant gestures at you while chanting.
The bolt of cold hits you but does no damage.
Press: ? - help, v - describe, . - travel
Here: a frost giant, wielding a +2 battleaxe of freezing The floor.
You feel protected.
You feel the effects of Trog's Hand fading.
The frost giant casts a spell at you. The bolt of cold hits you! You resist.
* * * LOW HITPOINT WARNING * * *
Okay, then.
You slice the frost giant!!
The frost giant is moderately wounded.
The frost giant hits you with a +2 battleaxe of freezing.
You die...

#..#.........................
#.###........................
####.........................
#...........................
#...........................
###.........................
#.........................
###..###...........[......
##.# ##@................ ###
##C...............
#.C...............
###...............
###.............. ####
#...#............
....####.#.#............
..........#.............
#''##.............


You could see a frost giant and a stone giant (unable to see you).

Vanquished Creatures
  Mara (Swamp:4)
  2 caustic shrikes (Depths:1)
  A tentacled monstrosity (Vaults:4)
  A walking earthen tome (Depths:1)
  3 liches
  A walking divine tome (Depths:1)
  6 tengu reavers
  A thorn hunter (Swamp:4)
  4 sphinxes
  3 shadow dragons
  2 fenstrider witches
  13 fire giants
  8 frost giants
  11 vault wardens
  A deep elf sorcerer (Vaults:4)
  3 orc warlords
  A ghoul (Swamp:2)
  3 spriggan defenders (Depths:1)
  A formless jellyfish (Vaults:2)
  5 ironbound thunderhulks
  11 ironbound preservers
  A war gargoyle (Vaults:4)
  8 very ugly things (Depths:1)
  10 stone giants
  8 vampire knights
  16 dire elephants
  2 bunyips (Swamp:4)
  2 eleionomae (Swamp:1)
  5 spark wasps
  A minotaur (Gauntlet)
  4 ettins
  2 entropy weavers
  A deep elf death mage (Vaults:4)
  A shambling mangrove (Swamp:1)
  A deep elf high priest (Vaults:4)
  5 fire dragons
  13 yaktaur captains
  22 hydras
  Fannar (D:10)
  2 great orbs of eyes (Vaults:4)
  A peacekeeper (Vaults:4)
  17 vault guards
  3 ice dragons
  An ogre mage (D:15)
  13 centaur warriors
  A spriggan air mage (Depths:1)
  9 ironbound frosthearts
  A death knight (D:14)
  2 ghost crabs
  A merfolk avatar (Lair:6)
  A vampire mage (Depths:1)
  A two-headed ogre (Orc:2)
  4 deep troll shamans (Depths:1)
  14 alligators
  4 death yaks (Gauntlet)
  5 boulder beetles
  2 deep troll earth magi (Depths:1)
  5 tengu warriors
  A hell knight (Depths:1)
  An orc high priest (Orc:2)
  A storm dragon zombie (Depths:1)
  5 skeletal warriors (D:15)
  An iron troll (Depths:1)
  4 spriggan berserkers
  3 goliath frogs
  A spriggan druid (Swamp:3)
  4 skysharks
  42 deep trolls
  A flayed ghost (Depths:1)
  5 glowing orange brains
  8 swamp dragons
  A sea snake (Lair:6)
  7 bog bodies
  19 ironbound convokers
  7 necromancers
  10 wizards
  Pikel (D:5)
  5 lindwurms
  A harpy (Lair:6)
  5 orc knights
  4 phantasmal warriors
  2 deep elf pyromancers (D:15)
  8 orc sorcerers
  32 ugly things
  An oklob plant (Gauntlet)
  4 manticores
  2 will-o-the-wisps
  3 cyclopes
  9 elephants
  7 black mambas
  12 vault sentinels
  Maurice (D:8)
  13 cane toads
  Maggie (D:6)
  5 kobold demonologists
  3 rime drakes (Lair:6)
  An unseen horror (D:13)
  4 freezing wraiths
  11 komodo dragons
  35 yaktaurs
  5 tengu conjurers
  A spriggan skeleton (Depths:1)
  A queen bee (D:14)
  3 polar bears
  3 meliai (D:14)
  6 trolls
  A bloated husk (Swamp:2)
  8 tyrant leeches
  7 hornets
  A wind drake (Lair:6)
  2 spriggan zombies (Depths:1)
  Prince Ribbit (D:7)
  39 blink frogs
  A flying skull (Vaults:2)
  12 dream sheep
  A snapping turtle (shapeshifter) (Depths:1)
  Sigmund (D:2)
  31 slime creatures
  A frost giant simulacrum (Depths:1)
  A spriggan (shapeshifter) (D:15)
  6 spriggans
  8 wyverns
  5 wraiths
  42 yaks
  2 large abominations (Gauntlet)
  3 vampires
  2 shadows
  2 basilisks (Lair:1)
  4 steam dragons (Lair:6)
  3 small abominations (Gauntlet)
  A glowing shapeshifter zombie (Depths:1)
  4 redbacks
  Grum (Lair:1)
  19 vampire mosquitoes
  Menkaure (D:6)
  2 wargs (D:11)
  20 swamp worms
  8 water moccasins
  3 acid dragons
  A glowing shapeshifter skeleton (Depths:1)
  3 swamp drakes (Swamp:4)
  23 orc warriors
  A sky beast (D:6)
  24 wolves
  5 centaurs
  4 ogres
  4 boggarts (D:15)
  A lemure (D:5)
  13 kobold brigands
  8 bullfrogs
  2 gnoll sergeants
  7 scorpions
  A necrophage (Swamp:2)
  A human simulacrum (Depths:1)
  13 wights
  25 killer bees
  3 electric eels
  5 howler monkeys
  2 lava snakes (D:14)
  A jelly (D:5)
  17 orc priests
  2 hounds
  2 gnoll boudas
  A sleepcap (D:7)
  Jessica (D:3)
  2 iguanas
  Natasha (thrice) (D:2)
  Terence (D:3)
  35 orc wizards
  2 hell rats (Lair:2)
  9 endoplasms
  15 gnolls
  8 adders
  10 river rats (Lair:2)
  A white imp (D:7)
  An ufetubus (D:6)
  2 adder zombies (D:3)
  A worm (D:4)
  3 dart slugs
  64 orcs
  8 bats
  A ghost (D:1)
  A goblin (D:4)
  7 hobgoblins
  7 jackals
  2 quokkas
  7 ball pythons
  5 frilled lizards
  49 kobolds
  9 rats
  A fire vortex (D:14)
1249 creatures vanquished.

Vanquished Creatures (collateral kills)
  A lich (Depths:1)
  A walking divine tome (Depths:1)
  5 ironbound preservers
  A stone giant (Depths:1)
  A dire elephant (Vaults:1)
  A yaktaur captain (Vaults:1)
  6 hydras
  A centaur warrior (D:15)
  2 death knights (D:15)
  2 spriggan berserkers
  A flayed ghost (Depths:1)
  2 phantasmal warriors
  3 swamp dragons (Swamp:4)
  2 bog bodies (Swamp:4)
  3 orc knights (Vaults:2)
  3 ironbound convokers (Vaults:1)
  2 ugly things (Depths:1)
  A manticore (D:13)
  2 vault sentinels (Vaults:2)
  A gargoyle (D:13)
  3 freezing wraiths (D:15)
  A spriggan skeleton (Depths:1)
  A blink frog (Lair:4)
  A spriggan (Swamp:3)
  A yak (Lair:2)
  A swamp drake (Swamp:4)
  A boggart (D:15)
50 creatures vanquished.

Vanquished Creatures (others)
  A goliath frog (Swamp:2)
  A yaktaur (D:15)
  4 bloated husks
  A vampire mosquito (Swamp:4)
  An orc wizard (Orc:2)
  2 orcs
  4 foxfires (Swamp:1)
14 creatures vanquished.

Grand Total: 1313 creatures vanquished

Notes
Turn   | Place    | Note
-------+----------+-------------------------------------------
     0 | D:1      | Minorbread the Hill Orc Fighter began the quest for the
                  | Orb.
     0 | D:1      | Reached XP level 1. HP: 19/19 MP: 1/1
     0 | D:1      | Upgraded the game from 0.24-a0-640-ge7cd8ce to
                  | 0.31-a0-139-ga8e5da3
    83 | D:1      | Reached skill level 4 in Fighting
    83 | D:1      | Reached XP level 2. HP: 23/27 MP: 2/2
   249 | D:1      | Reached XP level 3. HP: 33/33 MP: 3/3
   832 | D:2      | Reached XP level 4. HP: 41/41 MP: 4/4
   845 | D:2      | Noticed Natasha
   850 | D:2      | Killed Natasha
   885 | D:2      | Found a faded altar of an unknown god.
   900 | D:2      | Reached skill level 5 in Fighting
   925 | D:2      | Prayed at the altar of an unknown god.
   925 | D:2      | Became a worshipper of Trog the Wrathful
   925 | D:2      | Reached * piety under Trog
   997 | D:2      | Noticed Natasha
  1005 | D:2      | Killed Natasha
  1006 | D:2      | Reached XP level 5. HP: 38/48 MP: 5/5
  1027 | D:2      | Noticed Natasha
  1029 | D:2      | Killed Natasha
  1039 | D:2      | Found the amulet of Elemental Vulnerability {rPois rF--
                  | rC-- AC+8}
  1076 | D:2      | Reached skill level 6 in Fighting
  1299 | D:2      | Noticed Sigmund
  1312 | D:2      | Killed Sigmund
  1313 | D:2      | Reached skill level 7 in Fighting
  1313 | D:2      | Reached XP level 6. HP: 28/60 MP: 6/6
  1877 | D:3      | Reached skill level 8 in Fighting
  1922 | D:3      | Noticed Jessica
  1927 | D:3      | Killed Jessica
  1927 | D:3      | Reached ** piety under Trog
  1928 | D:3      | Reached XP level 7. HP: 62/69 MP: 7/7
  1967 | D:3      | Found a basalt altar of Yredelemnul.
  2173 | D:3      | Noticed Terence
  2185 | D:3      | Killed Terence
  2432 | D:4      | Reached skill level 9 in Fighting
  2432 | D:4      | Reached skill level 1 in Axes
  3008 | D:5      | Entered Level 5 of the Dungeon
  3209 | D:5      | Found a radiant altar of Vehumet.
  3228 | D:5      | Reached skill level 5 in Axes
  3242 | D:5      | Found a staircase to the Ecumenical Temple.
  3284 | D:5      | Reached XP level 8. HP: 78/78 MP: 8/8
  3488 | D:5      | Reached *** piety under Trog
  3615 | D:5      | Noticed a wyvern
  3623 | D:5      | Killed a wyvern
  3829 | D:5      | Found a runed translucent door.
  3830 | D:5      | Noticed Crazy Yiuf
  3870 | D:6      | Noticed Menkaure
  3877 | D:6      | Killed Menkaure
  3905 | D:6      | Reached skill level 10 in Axes
  3921 | D:6      | Reached XP level 9. HP: 83/83 MP: 9/9
  3977 | D:6      | Noticed Maggie
  3985 | D:6      | Killed Maggie
  4165 | D:6      | Noticed Pikel
  4180 | D:5      | Killed Pikel
  4562 | D:7      | Noticed Prince Ribbit
  4579 | D:7      | Killed Prince Ribbit
  5066 | D:8      | Reached XP level 10. HP: 83/91 MP: 10/10
  5072 | D:8      | Reached skill level 15 in Axes
  5159 | D:8      | Reached **** piety under Trog
  5232 | D:8      | Found a blossoming altar of Fedhas.
  5529 | D:8      | Noticed Maurice
  5541 | D:8      | Killed Maurice
  6408 | D:8      | Found a shimmering altar of Xom.
  6502 | D:9      | Found Cutukikoko's Jewellery Shoppe.
  6514 | D:9      | Reached skill level 5 in Armour
  6517 | D:9      | Reached skill level 10 in Fighting
  6632 | D:9      | Identified the +8 hand axe of Inflation {freeze, rF+}
  6720 | D:9      | Found a staircase to the Orcish Mines.
  6994 | D:10     | Entered Level 10 of the Dungeon
  7106 | D:10     | Reached XP level 11. HP: 80/101 MP: 11/11
  7202 | D:10     | Noticed Fannar
  7222 | D:10     | Killed Fannar
  7223 | D:10     | Reached skill level 11 in Fighting
  7355 | D:10     | Reached ***** piety under Trog
  7652 | D:10     | Reached skill level 12 in Fighting
  7860 | D:11     | Found a staircase to the Lair.
  7992 | D:11     | Noticed a green ugly thing
  8009 | D:11     | Killed a green ugly thing
  8010 | D:11     | Reached skill level 1 in Throwing
  8506 | Lair:1   | Entered Level 1 of the Lair of Beasts
  8549 | Lair:1   | Noticed Grum
  8563 | Lair:1   | Killed Grum
  8635 | Lair:1   | You fall into a shaft and drop 1 floor!
  8635 | Lair:2   | Found a hole to the Spider Nest.
  8665 | Lair:2   | Reached skill level 13 in Fighting
  8735 | Lair:2   | Reached XP level 12. HP: 109/115 MP: 12/12
  8828 | Lair:1   | Reached skill level 10 in Armour
  9005 | Lair:1   | Reached skill level 1 in Dodging
  9570 | Lair:2   | Noticed a skyshark
  9580 | Lair:2   | Killed a skyshark
  9581 | Lair:2   | Reached skill level 14 in Fighting
  9652 | Lair:2   | Reached skill level 5 in Throwing
 10379 | Lair:3   | Reached skill level 5 in Dodging
 10379 | Lair:3   | Reached XP level 13. HP: 105/124 MP: 13/13
 10383 | Lair:3   | Received a gift from Trog
 10750 | Lair:3   | Found a staircase to the Swamp.
 11535 | Lair:4   | Reached skill level 10 in Throwing
 12353 | Lair:5   | Reached skill level 15 in Fighting
 12556 | D:12     | Found a radiant altar of Vehumet.
 12562 | D:12     | Reached ****** piety under Trog
 12619 | D:12     | Reached XP level 14. HP: 118/135 MP: 14/14
 14683 | D:13     | Received a gift from Trog
 14768 | D:13     | Found a gate to the Vaults.
 14768 | D:13     | Noticed an ironbound preserver
 14802 | D:14     | Reached skill level 16 in Fighting
 14874 | D:14     | Found a frozen archway.
 14937 | IceCv    | Entered an ice cave
 15245 | Orc:1    | Entered Level 1 of the Orcish Mines
 15349 | Orc:2    | Entered Level 2 of the Orcish Mines
 15368 | Orc:2    | Found a staircase to the Elven Halls.
 15971 | Orc:2    | Reached skill level 17 in Fighting
 16012 | Orc:2    | Found a radiant altar of Vehumet.
 16065 | Orc:2    | Received a gift from Trog
 16140 | Orc:2    | Found Paz Eff's Jewellery Shoppe.
 16140 | Orc:2    | Found Urakun's Book Shoppe.
 16142 | Orc:2    | Found Duthuf's Assorted Antiques.
 16158 | Orc:2    | Found Jenaur's Armour Emporium.
 16607 | Orc:2    | Upgraded the game from 0.31-a0-139-ga8e5da3 to
                  | 0.31-a0-142-g31f6795
 16996 | Lair:5   | Reached XP level 15. HP: 146/147 MP: 15/15
 17173 | Lair:6   | Entered Level 6 of the Lair of Beasts
 17310 | Lair:6   | Found a runed translucent gate.
 17310 | Lair:6   | Found a runed translucent gate.
 17313 | Lair:6   | Reached skill level 5 in Shields
 17336 | Lair:6   | Found a viscous altar of Jiyva.
 17336 | Lair:6   | Found a staircase to the Slime Pits.
 17345 | Lair:6   | Found a runed translucent gate.
 17372 | Lair:6   | Found a gate leading to a gauntlet.
 17381 | Gauntlet | Entered a Gauntlet
 17381 | Gauntlet | Found a transporter.
 17444 | Gauntlet | Found a transporter.
 17453 | Gauntlet | Found the +3 hat of Pondering {ponderous, Will+ MP+10
                  | Int+5}
 17459 | Gauntlet | Found a transporter.
 17464 | Gauntlet | Found a transporter.
 17485 | Gauntlet | Found a transporter.
 17498 | Gauntlet | Found a transporter.
 17510 | Gauntlet | Found a transporter.
 17522 | Gauntlet | Found a transporter.
 17534 | Gauntlet | Found a transporter.
 17546 | Gauntlet | Found a transporter.
 17566 | Gauntlet | Found a transporter.
 17581 | Gauntlet | Found a transporter.
 17583 | Gauntlet | Found a transporter.
 17608 | Gauntlet | Found a transporter.
 17628 | Gauntlet | Found a transporter.
 17706 | Gauntlet | Found a transporter.
 17726 | Gauntlet | Found a transporter.
 17748 | Gauntlet | Found a transporter.
 17891 | Gauntlet | Identified the +11 double sword of the Common Good {flame,
                  | Fragile rN+ Str+4} (Trog gifted it to you in a Gauntlet)
 17891 | Gauntlet | Received a gift from Trog
 17967 | Gauntlet | Reached skill level 18 in Fighting
 17982 | Gauntlet | Identified the +1 helmet of Carved Surprise {Dex+5}
 18050 | Gauntlet | Identified the ring "Heyq" {Slay+4 SInv}
 18084 | Gauntlet | Identified the staff of earth "Datuum" {SInv}
 18084 | Gauntlet | Identified the staff of fire "Teoci" {rF+ Str+3 Int+5 Dex+5
                  | Stlth-}
 18084 | Gauntlet | Identified the staff of fire "Cihusib" {Contam rPois rF+
                  | rCorr Str+4}
 18461 | Lair:6   | Identified the staff of air "Sym Mulye" {rElec Int+2}
 18486 | Lair:6   | Noticed edsrzf's ghost (journeyman MeTm)
 18956 | Orc:2    | Bought a ring of willpower for 450 gold pieces
 19229 | D:13     | Reached skill level 15 in Armour
 19531 | D:14     | Found Dongokho's Antique Armour Shop.
 19539 | D:14     | Bought a glowing plate armour for 832 gold pieces
 19539 | D:14     | Bought a pair of runed boots for 240 gold pieces
 19678 | D:14     | Received a gift from Trog
 20207 | D:15     | Entered Level 15 of the Dungeon
 20333 | D:15     | Found a staircase to the Depths.
 20333 | D:15     | Noticed a fire giant
 20354 | D:15     | Killed a fire giant
 20466 | D:15     | Reached XP level 16. HP: 151/159 MP: 16/16
 20486 | D:15     | Reached skill level 19 in Fighting
 20943 | D:15     | Identified a scroll of acquirement
 20943 | D:15     | Acquired the +10 plate armour of Usodu {SInv}
 21068 | D:15     | Reached skill level 20 in Fighting
 21165 | D:15     | Reached skill level 1 in Evocations
 21175 | D:15     | Received a gift from Trog
 21568 | Swamp:1  | Entered Level 1 of the Swamp
 21859 | Swamp:1  | Noticed a fenstrider witch
 21873 | Swamp:1  | Killed a fenstrider witch
 22178 | Swamp:1  | Found a runed translucent gate.
 22178 | Swamp:1  | Found a runed translucent gate.
 22178 | Swamp:1  | Found a runed translucent gate.
 22184 | Swamp:1  | Noticed Nithhogg's ghost (journeyman HOFi)
 23337 | Swamp:3  | Noticed a fenstrider witch
 23337 | Swamp:3  | Paralysed by a fenstrider witch for 5 turns
 23345 | Swamp:3  | Killed a fenstrider witch
 23476 | Swamp:3  | Reached skill level 5 in Evocations
 23478 | Swamp:3  | Reached XP level 17. HP: 52/170 MP: 17/17
 23887 | Swamp:3  | Acquired 605 gold pieces
 24036 | Swamp:4  | Entered Level 4 of the Swamp
 24364 | Swamp:4  | Noticed Mara
 24369 | Swamp:4  | Noticed Minorbread's illusion
 24396 | Swamp:4  | Killed Mara
 24808 | Swamp:4  | Got a decaying rune of Zot
 24935 | Swamp:4  | Received a gift from Trog
 25331 | Vaults:1 | Entered Level 1 of the Vaults
 25874 | Vaults:1 | Found a flickering gateway to a bazaar.
 25883 | Bazaar   | Entered a bazaar
 25885 | Bazaar   | Found Gudgheim's Antique Armour Boutique.
 25889 | Bazaar   | Found Wimoi's Antique Armour Boutique.
 25889 | Bazaar   | Found Ankoed's Antique Armour Boutique.
 25890 | Bazaar   | Found Kufiel's Armour Boutique.
 25900 | Bazaar   | Bought the +3 pair of gauntlets of War {Slay+5} for 1045
                  | gold pieces
 25900 | Bazaar   | Found the +3 pair of gauntlets of War {Slay+5}
 25925 | Bazaar   | Bought a spiked scarf for 220 gold pieces
 25925 | Bazaar   | Identified the scarf "Muhual Lot" {shadows, Fly} (You
                  | bought it in a shop in a bazaar)
 26086 | Vaults:1 | Reached XP level 18. HP: 134/178 MP: 18/18
 26446 | Vaults:1 | Found a transporter.
 26513 | Vaults:1 | Found a transporter.
 26740 | Vaults:1 | Reached skill level 10 in Evocations
 27017 | Vaults:1 | Received a gift from Trog
 27103 | Vaults:1 | Identified the amulet of Viruptic {RegenMP rPois}
 27272 | Vaults:2 | Found a staircase to the Crypt.
 27574 | Vaults:2 | Paralysed by a formless jellyfish for 1 turns
 27888 | Vaults:2 | Reached skill level 21 in Fighting
 28774 | Vaults:2 | Reached XP level 19. HP: 186/191 MP: 19/19
 28931 | Vaults:3 | Reached skill level 22 in Fighting
 28986 | Vaults:3 | Received a gift from Trog
 30212 | Vaults:3 | Received a gift from Trog
 30216 | Vaults:3 | Reached skill level 10 in Shields
 30624 | Vaults:4 | Found Vivvike's Antique Armour Boutique.
 31169 | Vaults:4 | Reached skill level 23 in Fighting
 31552 | Vaults:4 | Reached XP level 20. HP: 166/203 MP: 20/20
 31579 | Vaults:4 | Received a gift from Trog
 32216 | Vaults:4 | Reached skill level 24 in Fighting
 32388 | Vaults:4 | Identified the +0 helmet of the King of the Hill {rElec}
 32867 | Vaults:4 | Bought a warped plate armour for 1204 gold pieces
 32867 | Vaults:4 | Identified the +0 plate armour "Harys" {rF+ rC- Str+2
                  | Int+2} (You bought it in a shop on level 4 of the Vaults)
 33053 | Depths:1 | Entered Level 1 of the Depths
 33223 | D:15     | HP: 2/208 [tengu reaver/bolt of cold (28)]
 33583 | D:15     | Received a gift from Trog
 33680 | Depths:1 | Found a one-way gate to the infinite horrors of the Abyss.
 33691 | Depths:1 | Reached skill level 25 in Fighting
 33948 | Depths:1 | Found a gateway to Hell.
 34428 | Depths:1 | Found Catogaw's Jewellery Shoppe.
 34505 | Depths:1 | Reached XP level 21. HP: 102/218 MP: 0/21
 35152 | Depths:1 | Received a gift from Trog
 35348 | Depths:1 | Noticed a caustic shrike
 35361 | Depths:1 | Killed a caustic shrike
 35439 | Depths:1 | Identified the +10 quarterstaff of Domination {freeze,
                  | +Blink SInv}
 35625 | Depths:1 | Noticed a caustic shrike
 35637 | Depths:1 | Killed a caustic shrike
 35648 | Depths:1 | Reached skill level 26 in Fighting
 35680 | Depths:1 | Identified the +1 robe of Xotetoje {rElec Int+3 Dex-4
                  | Stlth+}
 35929 | Depths:1 | HP: 10/221 [frost giant/bolt of cold (22)]
 35931 | Depths:1 | HP: 1/221 [frost giant/bolt of cold (16)]
 35932 | Depths:1 | Slain by a frost giant

Illustrated notes

Levels and vault maps discovered:
D:1:      tarquinn_simple_flora_water_a, layout_loops_cross
D:2:      layout_basic, hellmonk_ecumenical_altar_arch_garden,
          nicolae_elevator_lobby_plus, uniq_natasha, uniq_sigmund
D:3:      layout_loops_ring, lemuel_zombie_altar_yredelemnul,
          minmay_misc_feat_chi, uniq_terence, uniq_jessica
D:4:      layout_loops_cross
D:5:      layout_basic, mainiacjoe_overflow_chevrons,
          minmay_temple_entry_stoned_glass, uniq_crazy_yiuf_cottage
D:6:      layout_rooms, uniq_maggie, uniq_pikel, uniq_menkaure
D:7:      layout_cave_pools, uniq_prince_ribbit1
D:8:      layout_loops_ring, fedhas_bush_and_centaur_altar, marbit_many_paths,
          minmay_stone_trees_medium, uniq_maurice
D:9:      layout_roguey, orc_0_dummy, serial_shops, nicolae_shop_stone,
          evilmike_butchery
D:10:     layout_loops_ring, serial_glass, glass_columns_c, glass_columns_b,
          feat_on_display, due_unseen_surprise, feat_on_display, minivault_11,
          uniq_fannar
D:11:     layout_loops_ring, erik_lair_orcish_takeover, minmay_door_square
D:12:     layout_layer_cave, serial_glass, glass_columns_b, glass_columns_b,
          fiery_altar_vehumet
D:13:     layout_stronghold, skrybe_vaults_entry_preservation
D:14:     layout_roguey [special_room_bee], serial_shops, shop,
          portal_ice_cave_entry_dragon, kennysheep_island_fort
D:15:     grunt_enter_depths_giant_problem, layout_gridville,
          hangedman_abyss_or_decor_stagger, minmay_joined_circles
Lair:1:   layout_cave_pods, uniq_grum
Lair:2:   layout_hall_layers, spider_nest_entry_web_field, wad_woods_river_04,
          kennysheep_rathole, serial_bayou_shore_a
Lair:3:   layout_chaotic_city, nicolae_swamp_entry_splash_gauntlet,
          grunt_megastairs_1, infiniplex_staircase_pool
Lair:4:   layout_gridlike
Lair:5:   dreamdust_cave_troll, layout_loops_ring, serial_bayou_pond_b
Lair:6:   gammafunk_lair_ancient_temple, layout_big_grid, slime_entry_1,
          gauntlet_entry_generic, gammafunk_ghost_split
Swamp:1:  layout_basic_swamp, ebering_ghost_rock_garden,
          nicolae_swamp_some_circles, swamp_pool1, lightli_tree_ring,
          infiniplex_staircase_pool_2
Swamp:2:  layout_basic_swamp, serial_swamp_ruin, evilmike_swamp_ruin_house_3,
          hangedman_swamp_ruin_wall
Swamp:3:  layout_basic_swamp, evilmike_swamp_ruin_house_4, swamp_pool1
Swamp:4:  swamp_basic_johnstein, layout_basic_swamp, uniq_mara
Orc:1:    layout_diamond_mine
Orc:2:    st_orc_mages, layout_caves, basic_altar
Vaults:1: gammafunk_the_bubble [the_bubble_gammafunk_crates], v_misc_26,
          nicolae_vaults_tetromino_Z_2, nicolae_vaults_network_star,
          nicolae_vaults_circle_grid_b, v_misc_28, nicolae_vaults_two_Ls,
          vaults_room_door_ring, serial_ice_m, v_misc_18,
          layout_vaults_big_room, serial_shops, bzr_entry_customers
Vaults:2: ontoclasm_vaults_gateway, ontoclasm_vaults_pinch,
          nicolae_vaults_shipping_containers_7, minmay_crypt_entry_simple_round,
          vaults_dpeg_spiral, nicolae_vaults_wine_cellar, grunt_vaults_bifocal,
          nicolae_vaults_house_2, grunt_vaults_trifunnel, grunt_vaults_funnel,
          nicolae_vaults_sightless_eye, hangedman_vaults_trim,
          layout_vaults_ring
Vaults:3: nicolae_vaults_asterisk, nicolae_vaults_storage_closets_2,
          nicolae_vaults_little_squares_1, v_misc_2, dpeg_vaults_monster_row,
          nicolae_vaults_house_2, vaults_room_guarded_vault,
          nicolae_vaults_heist, layout_vaults_omnigrid
Vaults:4: nicolae_vaults_network_barrier, vaults_dpeg_encased_lava,
          hangedman_vaults_river_flow, hangedman_vaults_corner_blocks,
          nicolae_vaults_network_quinsquares
          [nicolae_vaults_network_quincunx_subvault,
          nicolae_vaults_network_quincunx_subvault,
          nicolae_vaults_network_quincunx_subvault,
          nicolae_vaults_network_quincunx_subvault], v_rooms_5, v_misc_25,
          st_greater_box_3, nicolae_vaults_closet_pinwheel_2,
          nicolae_vaults_trapezoid_2, hangedman_vaults_stream,
          nicolae_vaults_asterisk, layout_vaults_omnibox, serial_shops,
          nicolae_shop_dealshenge
Depths:1: minmay_octagon_city, layout_cave_shapes, grunt_decor_arrowhead,
          abyss_entry, grunt_hell_entry_dis_grunt, serial_shops,
          kennysheep_mini, evilmike_ambush [evilmike_ambush_outer_basic,
          evilmike_ambush_inner_wall_2]

Skill      XL: |  1  2  3  4  5  6  7  8  9 10 11 12 13 14 15 16 17 18 19 20 21 |
---------------+----------------------------------------------------------------+-----
Fighting       | 4 5 7 8 9 10 13 14 15 17 18 20 21 23 25 26 | 26.2
Long Blades    | 3 |  3.9
Axes           | 6 10 14 16 17 18 | 18.0
Armour         | 6 9 10 11 14 15 16 18 20 | 20.0
Throwing       | 2 6 10 11 12 13 | 13.3
Dodging        | 5 7 |  7.5
Shields        | 4 8 11 12 | 12.0
Evocations     | 5 9 10 | 10.0

Action                     |  1- 3 |  4- 6 |  7- 9 | 10-12 | 13-15 | 16-18 | 19-21 || total
---------------------------+-------+-------+-------+-------+-------+-------+-------++-------
  Melee: Long sword        |    63 |     4 |       |       |       |       |       ||    67
         Mace              |       |     6 |       |       |       |       |       ||     6
         Hand axe          |       |       |   125 |   465 |  1094 |  1172 |   492 ||  3348
         War axe           |       |       |   154 |   139 |       |       |   456 ||   749
         Executioner's axe |       |       |       |       |   103 |       |       ||   103
         Demon trident     |       |       |       |       |       |    90 |       ||    90
         Broad axe         |       |       |       |       |       |       |   166 ||   166
   Fire: Sling             |    11 |    73 |    55 |       |       |       |       ||   139
  Throw: Dart              |       |       |     3 |     6 |     3 |       |       ||    12
         Boomerang         |       |       |       |    14 |    10 |    94 |       ||   118
         Javelin           |       |       |       |       |       |     5 |       ||     5
 Invoke: Berserk           |       |     1 |    10 |     5 |     6 |     8 |    10 ||    40
         Trog's Hand       |       |       |       |     1 |     6 |     9 |    17 ||    33
         Brothers in Arms  |       |       |       |     1 |     4 |     7 |     6 ||    18
  Evoke: Wand              |       |     2 |       |       |     2 |     2 |       ||     6
    Use: Potion            |       |     1 |       |       |     4 |     6 |     5 ||    16
         Scroll            |       |       |     4 |     4 |    15 |    11 |     7 ||    41
   Stab: Confused          |       |       |       |       |       |     1 |     1 ||     2
         Distracted        |       |       |       |       |       |       |     1 ||     1
 Armour: Scale mail        |    11 |       |       |       |       |       |       ||    11
         Plate armour      |    33 |    52 |   121 |   156 |   632 |   526 |   673 ||  2193
         Swamp dragon scal |       |       |       |       |       |   278 |       ||   278
  Dodge: Dodged            |    28 |    27 |   118 |   191 |   477 |   505 |   282 ||  1628
  Block: Buckler           |       |       |    85 |   140 |   328 |   539 |   368 ||  1460

Table legend: (Time is in decaauts)
 A = Elapsed time spent in this place.
 B = Non-inter-level travel time spent in this place.
 C = Inter-level travel time spent in this place.
 D = Time resting spent in this place.
 E = Time spent auto-exploring this place.
 F = Levels seen in this place.
 G = Mean time per level.
                   A        B        C        D        E       F      G
               +--------+--------+--------+--------+--------+-----+--------+
         Total |  35319 |  32646 |   2673 |   4107 |  20810 |  35 | 1009.1 |
       Dungeon |  14720 |  13184 |   1536 |   1473 |   8767 |  15 |  981.3 |
          Lair |   5433 |   5011 |    422 |    320 |   3584 |   6 |  905.5 |
         Swamp |   3690 |   3554 |    136 |    754 |   1880 |   4 |  922.5 |
  Orcish Mines |   1399 |   1213 |    186 |    220 |    602 |   2 |  699.5 |
        Vaults |   7239 |   6848 |    391 |    606 |   4712 |   4 | 1809.8 |
        Depths |   2049 |   2049 |      0 |    642 |    889 |   1 | 2049.0 |
        Bazaar |     48 |     48 |      0 |      0 |     25 |   1 |   48.0 |
      Ice Cave |      8 |      8 |      0 |      0 |      0 |   1 |    8.0 |
      Gauntlet |    731 |    731 |      0 |     90 |    350 |   1 |  731.0 |
               +--------+--------+--------+--------+--------+-----+--------+

Top non-repeatable levels by time:
Vaults:4: 2234 daAuts
Depths:1: 2049 daAuts
Vaults:1: 1755 daAuts
    D:15: 1652 daAuts
Vaults:3: 1625 daAuts
Vaults:2: 1623 daAuts
    D:12: 1515 daAuts
    D:13: 1369 daAuts
    D:14: 1202 daAuts
     D:8: 1198 daAuts
   Orc:2: 1180 daAuts
     D:2: 997 daAuts
  Lair:3: 988 daAuts
 Swamp:4: 982 daAuts
 Swamp:1: 978 daAuts
